AoeStats
← jucca187

Team Islands

503656482Analyzed
3v3 RM · 1mo ago on Sep 1, 2026· 40m 25s· 6 players
Game mode
Random Map
Map size
Large (8 player)
Population
200
Speed
Normal
Resources
Standard
Victory
Conquest
Starting age
Dark Age
Ending age
Imperial Age
RankedLock teamsTeams togetherTeam positionsShared explorationLock speedFull tech treeHidden civsTurbo modeCheats
Victory
Defeat
970
+14
🇫🇮 Japanese · Finland
910
+17
🇨🇱 Celts · Chile
902
+17
🇸🇪 Dravidians · Sweden
1039
-21
🇸🇪 Vikings · Sweden
930
-16
🇸🇪 Portuguese · Sweden
796
-10
jucca187
16:36 Feudal Age
17:30 Double-Bit Axe
17:55 Gold Mining
17:58 Stone Mining
18:08 Fishing Lines
25:42 Castle Age
24:17 Wheelbarrow
26:17 Gillnets
27:57 Medium Warships
28:47 Bow Saw
28:21 Horse Collar
29:00 Hand Cart
29:34 Squires
29:48 Forging
29:38 Scale Mail Armor
32:07 Iron Casting
31:48 Chain Mail Armor
34:32 Imperial Age
34:34 Elite Samurai
35:37 Conscription
34:40 Capped Ram
39:15 Fletching
40:04 Elite Skirmisher
40:53 Thumb Ring
GlorioustoRy [75MINGAME]
4:54 Loom
5:17 Loom
11:16 Feudal Age
12:19 Double-Bit Axe
18:21 Castle Age
16:29 Horse Collar
16:37 Fishing Lines
19:57 Bow Saw
21:45 Medium Warships
23:27 Wheelbarrow
22:44 Gold Mining
22:57 Heavy Plow
24:35 Gillnets
24:49 Gillnets
25:00 Town Watch
25:06 Fletching
25:16 Padded Archer Armor
26:02 Stone Mining
27:38 Bodkin Arrow
27:58 Leather Archer Armor
28:57 Hand Cart
29:25 Pikeman
30:18 Scale Mail Armor
30:28 Forging
31:47 Scale Barding Armor
31:58 Chain Mail Armor
32:06 Ballistics
31:57 Careening
31:58 Clinker Construction
31:55 Siphons
32:53 Squires
32:39 Gambesons
37:26 Imperial Age
35:35 Iron Casting
35:51 Husbandry
36:08 Arson
36:44 Chain Barding Armor
36:38 Masonry
39:02 Conscription
39:34 Conscription
39:36 Wootz Steel
39:22 Medical Corps
g.ulloa
0:38 Loom
12:38 Feudal Age
13:49 Double-Bit Axe
13:51 Town Watch
17:47 Arson
17:22 Man-at-Arms
18:11 Fletching
25:36 Forging
25:58 Scale Mail Armor
25:56 Gold Mining
26:00 Stone Mining
27:44 Horse Collar
31:38 Castle Age
34:18 Wheelbarrow
34:36 Iron Casting
34:16 Chain Mail Armor
34:28 Bow Saw
34:03 Horse Collar
37:33 Imperial Age
37:32 Hand Cart
39:24 Capped Ram
majeed_alnashi
3:18 Loom
11:56 Feudal Age
19:29 Castle Age
22:36 Husbandry
28:56 Coinage
30:58 Herbal Medicine
35:23 Imperial Age
35:42 Caravan
35:35 Cavalier
37:52 Forging
37:48 Scale Barding Armor
38:16 Gold Mining
38:17 Stone Mining
philipbacklund92
0:29 Loom
13:12 Feudal Age
14:09 Town Watch
17:13 Castle Age
15:35 Fletching
16:09 Double-Bit Axe
16:08 Horse Collar
17:15 Padded Archer Armor
20:37 Elite Skirmisher
21:53 Bodkin Arrow
23:18 Leather Archer Armor
23:41 Medium Warships
26:49 Heavy Plow
27:02 Bow Saw
32:15 Imperial Age
32:20 Wheelbarrow
32:36 Ballistics
33:03 Bracer
33:34 Ring Archer Armor
33:14 Thumb Ring
32:56 Elite Elephant Archer
35:00 Medical Corps
35:16 Conscription
36:11 Murder Holes
Forza Juve
0:29 Loom
11:37 Feudal Age
12:19 Horse Collar
12:28 Double-Bit Axe
22:46 Castle Age
32:21 Bow Saw
32:14 Heavy Plow
38:50 Imperial Age
36:06 Town Watch
36:12 Light Cavalry
37:29 Forging
37:25 Scale Barding Armor
41:22 Two-Man Saw
40:20 Stone Mining
40:21 Gold Mining
Connection lost

Rejoining the realm…

Still unreachable

The connection could not be restored.

Session expired

The server has moved on; the page needs a fresh start.